[Event "US Masters 2022"]
[Site "Charlotte"]
[Date "2022.11.25"]
[Round "4.4"]
[White "Burke, John M"]
[Black "Macovei, Andrei"]
[Result "1/2-1/2"]
[ECO "C65"]
[WhiteElo "2580"]
[BlackElo "2482"]
[Annotator "TA"]
[PlyCount "84"]
[EventDate "2022.11.23"]
[EventType "swiss"]
[EventCountry "USA"]
[SourceTitle "playchess.com"]
[Source "ChessBase"]
[SourceQuality "1"]
[TimeControl "5400+30"]

1. e4 e5 2. Nf3 Nc6 3. Bb5 Nf6 4. d3 Bc5 5. c3 d5 6. exd5 {[%emt 0:00:57] C65: Ruy Lopez: Berlin Defence (3...Nf6), unusual lines and 4 0-0 Bc5.} Qxd5 7. Bc4 Qd6 8. Nbd2 $1 {[%emt 0:01:38][%mdl 4] Inhibits e4. outshines the older 8.b4.} Bf5 9. b4 Bb6 10. Ng5 O-O 11. Nde4 Nxe4 12. dxe4 Qxd1+ 13. Kxd1 Bg4+ 14. Kc2 h6 {[%emt 0:02:47] Prevents f3.} ({Don't take} 14... Bxf2 15. Rf1 Be6 16. Nxe6 fxe6 17. Bxe6+ Kh8 18. Bd5 $16) 15. Nf3 Bxf2 16. Rf1 Bb6 17. a4 a6 18. Ba3 Rfe8 {[%emt 0:10:19] [#]} 19. Nh4 $146 ({Predecessor:} 19. Rad1 Be6 20. Bxe6 Rxe6 21. a5 Be3 22. Rd7 Rc8 23. Nh4 Nb8 24. Rd3 Bg5 25. Nf5 {1-0 (68) Grandelius,N (2651)-Duda,J (2731) chess24.com INT 2022}) 19... Be6 {[%emt 0:01:21] Inhibits a5.} 20. Bxe6 Rxe6 21. Rad1 Rc8 22. Nf5 Ne7 23. a5 {[%emt 0:07:32] [#] Hoping for Nxe7+.} Ba7 24. Nxe7+ Rxe7 25. b5 $1 {[%emt 0:00:03] Inhibits b5.} Re6 26. Rd7 $36 {[%emt 0:00:25][%mdl 3072] aiming for b6. White has compensation. White is on the roll.} f6 27. c4 {[%emt 0:10:10] White has more active pieces. The black rooks are badly placed.} (27. Rf3 $16) 27... Bd4 28. Rf3 {[%emt 0:35:09] [#] Threatens to win with Rg3.} Ra8 $1 29. Rg3 g5 30. Rh3 f5 $2 (30... axb5 $11 31. Rxh6 Rxa5) 31. exf5 $18 Rf6 32. Rxc7 ({White has to play} 32. Bb4 $18) 32... axb5 $14 33. cxb5 {[%emt 0:00:00] Strongly threatening Bb4.} (33. Bb4 $5 bxc4 34. g4 $11 (34. Rxc4 b6 $11) (34. Rxb7 Rxf5 35. Rf3 Rxf3 $11)) 33... Rxa5 34. Rxb7 Rxf5 35. Kb3 {[%emt 0:00:00] And now Bb4 would win.} e4 $1 36. Rxh6 {[%emt 0:00:00] Black must now prevent Rg6+.} Rfxb5+ 37. Rxb5 Rxb5+ $11 {[%emt 0:00:00] KRB-KRB} 38. Kc4 Rb6 39. Rxb6 Bxb6 40. Kd5 e3 {[%emt 0:00:00] The position is equal.} 41. Bb4 e2 42. Be1 g4 $1 {[%emt 0:00:00] Weighted Error Value: White=0.09 (flawless) /Black=0.11 (very precise)} 1/2-1/2

[Event "US Masters 2022"]
[Site "Charlotte"]
[Date "2022.11.25"]
[Round "4.5"]
[White "Neef, Maximilian"]
[Black "Yoo, Christopher Woojin"]
[Result "1/2-1/2"]
[ECO "A34"]
[WhiteElo "2481"]
[BlackElo "2573"]
[Annotator "TA"]
[PlyCount "195"]
[EventDate "2022.11.23"]
[EventType "swiss"]
[EventCountry "USA"]
[SourceTitle "playchess.com"]
[Source "ChessBase"]
[SourceQuality "1"]
[TimeControl "5400+30"]

1. Nf3 Nf6 2. g3 c5 3. Bg2 g6 4. c4 Bg7 5. Nc3 d5 6. cxd5 Nxd5 7. Qa4+ Nc6 8. Qc4 Ndb4 9. O-O Qa5 10. a3 Nc2 11. Rb1 Be6 12. Qh4 Bb3 13. d3 N2d4 14. Nxd4 Nxd4 15. Be3 Nf5 16. Qe4 O-O 17. Bd2 Rfe8 18. Qxb7 Rab8 19. Ne4 Rxb7 20. Bxa5 Rb5 21. Bc3 Nd4 22. Rfe1 Reb8 23. e3 Ne6 24. Rbc1 Bxc3 25. Rxc3 Ba2 {[%emt 0:01:10] [#]} 26. Rec1 (26. b4 $1 $16) 26... Rxb2 $11 27. Nxc5 Nxc5 28. Rxc5 Rd2 29. Rc8+ Rxc8 30. Rxc8+ Kg7 31. Bf1 a5 $1 32. a4 (32. Ra8 $5 ) 32... Bb3 (32... Bd5 $1 $11) 33. Rc5 $14 Bxa4 34. Rxa5 Bc6 35. Ra1 Bf3 36. d4 g5 37. h3 h5 38. Bg2 g4 39. hxg4 hxg4 40. Bxf3 gxf3 41. g4 Kg6 $1 42. Ra5 e6 $1 43. Re5 $1 Ra2 44. Re4 Kg5 45. Rf4 Ra7 $1 46. Kh2 Kh4 47. Rxf3 Kxg4 48. Rf4+ Kg5 49. Kg3 Rd7 50. Kf3 ({White should play} 50. Re4 $14) 50... f5 $11 51. Kg3 Kf6 52. Rh4 e5 53. dxe5+ Kxe5 54. Ra4 Rg7+ 55. Kf3 Rg8 56. Ra5+ Kf6 57. Ke2 Rg2 58. Kf1 Rh2 59. Kg1 Rh8 60. f3 Rg8+ 61. Kf2 Ke6 62. Ra6+ Ke7 63. Ke2 Rb8 64. f4 Rd8 65. Kf2 Rg8 66. Kf3 Kf7 67. Ke2 Rd8 68. Ra4 Ke6 69. Rb4 Rd7 70. Rb6+ Kf7 71. Rb3 Rd8 72. Rd3 Rg8 73. Rd6 Ke7 74. Rd5 Ke6 75. Re5+ Kf6 76. Kd3 Rd8+ 77. Kc4 Rd1 78. Rd5 Rc1+ 79. Kd4 Rd1+ 80. Kc5 Rc1+ 81. Kd6 Rc3 82. Re5 Ra3 83. Re6+ Kf7 84. Re7+ Kf6 85. Re8 Kf7 86. Re5 Kf6 87. Kc6 Ra6+ 88. Kb5 Ra1 89. Kc4 Rd1 90. Rb5 Rc1+ 91. Kd3 Rd1+ 92. Kc2 Rd6 93. Kc3 Rc6+ 94. Kd4 Rd6+ 95. Rd5 Ra6 96. Rc5 Rd6+ 97. Kc4 Re6 98. Kd4 1/2-1/2

[Event "US Masters 2022"]
[Site "Charlotte"]
[Date "2022.11.25"]
[Round "4.6"]
[White "Ngo, Bach"]
[Black "Hambleton, Aman"]
[Result "1/2-1/2"]
[ECO "E12"]
[WhiteElo "2275"]
[BlackElo "2437"]
[Annotator "TA"]
[PlyCount "93"]
[EventDate "2022.11.23"]
[EventType "swiss"]
[EventCountry "USA"]
[SourceTitle "playchess.com"]
[Source "ChessBase"]
[SourceQuality "1"]
[TimeControl "5400+30"]

1. d4 Nf6 2. Nf3 e6 3. c4 b6 4. a3 Bb7 5. Nc3 d5 6. Bf4 Bd6 {[%emt 0:10:59] E12: Queen's Indian: Unusual White 4th moves, 4 a3, 4 Nc3 Bb7 5 a3 and 4 Nc3 Bb7 .} 7. Bxd6 cxd6 8. e3 O-O 9. cxd5 Nxd5 10. Nxd5 Bxd5 11. Bd3 Nd7 12. O-O Bb7 13. Qe2 Nf6 14. e4 Rc8 15. Rfe1 {[%emt 0:01:14] [#]} Rc7 $146 ({Predecessor:} 15... h6 16. Rad1 Qd7 17. Nd2 Rfd8 18. Nb1 Qa4 19. Qe3 Qb3 20. Qd2 Qa4 21. Qe3 Qb3 22. Qd2 {½-½ (22) Kolanek,R (2264)-Kulakiewicz,M (2283) ICCF email 2018}) 16. Qe3 Nd7 17. Rad1 Qe7 18. Nd2 a6 19. e5 dxe5 20. dxe5 b5 {[%emt 0:00:24] Against Nc4} 21. f4 Nc5 22. Ne4 Bxe4 23. Bxe4 Nxe4 24. Qxe4 Rd8 25. b4 g6 26. Qe3 {[%emt 0:04:10] Against Rc3} Rc6 27. Rxd8+ Qxd8 $15 {[%emt 0:00:03][%mdl 4096] Endgame KQR-KQR} 28. Rc1 {[%emt 0:00:14] [#]} Rc4 29. Kf2 Qh4+ 30. Kf3 {[%emt 0:00:12] [#]} Qxh2 (30... Rxc1 $1 $17 31. Qxc1 Qxh2) 31. Rxc4 $11 {[%emt 0:00:51] White wants to mate with Rc8+. The position is equal.} bxc4 $17 {[%emt 0:00:30] KQ-KQ} 32. Qd4 Qh5+ 33. Kf2 Qh4+ 34. Kf3 Qh5+ 35. Ke3 Qh4 36. Kf3 {[%emt 0:01:28] Prevents Qg3+.} Kg7 37. Qxc4 g5 {[%emt 0:00:09] Hoping for ...g4+.} 38. Qe4 ({But not} 38. Qxa6 Qxf4+ 39. Ke2 Qxe5+ 40. Kf2 h5 $17) 38... g4+ 39. Ke2 Qg3 40. a4 Qb3 41. f5 exf5 42. Qxf5 Qc4+ 43. Kf2 Qxb4 44. Qg5+ Kf8 45. Qd8+ Kg7 {[%emt 0:00:07] aiming for ...Qf4+.} 46. Qg5+ Kf8 47. Qd8+ {[%emt 0:00:41] Weighted Error Value: White=0.05 (flawless) /Black=0.06 (flawless)} 1/2-1/2

[Event "US Masters 2022"]
[Site "Charlotte"]
[Date "2022.11.25"]
[Round "4.7"]
[White "Gazik, Viktor"]
[Black "Raja Harshit"]
[Result "1/2-1/2"]
[ECO "B51"]
[WhiteElo "2564"]
[BlackElo "2461"]
[Annotator "TA"]
[PlyCount "33"]
[EventDate "2022.11.23"]
[EventType "swiss"]
[EventCountry "USA"]
[SourceTitle "playchess.com"]
[Source "ChessBase"]
[SourceQuality "1"]
[TimeControl "5400+30"]

1. e4 c5 2. Nf3 d6 3. Bb5+ Nd7 4. O-O a6 5. Bd3 Ngf6 6. c3 {[%emt 0:01:12] B51: Sicilian: Moscow Variation (3 Bb5+) without 3...Bd7.} b5 7. Bc2 Bb7 8. d3 e5 9. Re1 g6 10. d4 Bg7 {[%emt 0:03:41] [#]} 11. d5 $146 ({Predecessor:} 11. dxe5 dxe5 12. Qd6 Rc8 13. Bg5 Rc6 14. Qd2 h6 15. Be3 Qe7 16. Qe2 O-O 17. Nbd2 {0-1 (43) Savic,D (2225)-Nadj Hedjesi,B (2371) Senta 2007}) 11... O-O 12. b3 h6 13. a4 Nb6 14. Bd3 Qd7 15. Na3 Nxe4 16. Bxe4 f5 17. c4 {[%emt 0:02:42] Weighted Error Value: White=0.05 (flawless) /Black=0.06 (flawless)} 1/2-1/2

[Event "US Masters 2022"]
[Site "Charlotte"]
[Date "2022.11.25"]
[Round "4.8"]
[White "Cordova, Emilio"]
[Black "Mardov, Dimitar"]
[Result "1-0"]
[ECO "A17"]
[WhiteElo "2561"]
[BlackElo "2432"]
[Annotator "TA"]
[PlyCount "99"]
[EventDate "2022.11.23"]
[EventType "swiss"]
[EventCountry "USA"]
[SourceTitle "playchess.com"]
[Source "ChessBase"]
[SourceQuality "1"]
[TimeControl "5400+30"]

1. Nf3 d5 2. e3 Nf6 3. c4 e6 4. Nc3 b6 5. b3 Bb7 6. Bb2 {[%emt 0:00:05] A17: English Opening: 1...Nf6 with ...Bb4.} Be7 7. cxd5 exd5 8. Ne2 $5 {[%emt 0:00:46][%mdl 4] The position is equal. A promising side line.} O-O {[%emt 0:03:35] [#]} 9. Ng3 $146 ({Predecessor:} 9. g3 c5 10. Bg2 Nc6 11. O-O b5 12. Nf4 Qd6 13. Rc1 g6 14. Qc2 Rfd8 15. Rfe1 {½-½ (79) Leko,P (2670)-Boruchovsky,A (2533) Douglas 2019}) 9... c5 10. Be2 Nc6 11. O-O Ne4 12. d4 Rc8 13. Rc1 (13. dxc5 {with more complications.} Nxg3 14. hxg3 bxc5 15. Qc2) 13... Nxg3 14. hxg3 Qd7 15. Qd2 Rfd8 16. Rfd1 Qe6 17. Bc3 h6 18. Qb2 Bf8 19. Qb1 a6 20. Bb2 Be7 21. Ba1 Rc7 22. Rd2 Bf8 23. Bd3 Bc8 24. dxc5 bxc5 25. Qb2 (25. Rcd1 {simplifies} Be7 26. Nh4 Bxh4 27. gxh4 d4 28. Be4) 25... Qg4 (25... Qe7 $11) 26. Bb1 $16 Ne7 27. Rc4 dxc4 (27... Qe6 $1 $14) 28. Rxd8 {[%emt 0:00:14] Ne5 is the strong threat.} Rd7 {[%emt 0:01:02] [#]} 29. Qc2 $1 Qg6 {[%emt 0:04:40] Prevents Qh7+.} 30. Qxg6 {[%emt 0:01:55] Dancing on a razor blade.} (30. Qxc4 $2 {perishes.} Qxb1+ 31. Qf1 Qxf1+ 32. Kxf1 Rxd8 $19) 30... Nxg6 31. Rxd7 {[%emt 0:00:17] White is more active.} ({Worse is} 31. Rxc8 Rd1+ 32. Kh2 Rxb1 $15) 31... Bxd7 32. bxc4 Bd6 33. Kf1 Be6 34. Bd3 f5 35. Ke2 Kf7 36. a3 Bc7 37. Bc3 Bd6 38. Kd2 Bc7 39. Kc2 Bd7 40. Kb3 Bb8 41. Bc2 Bc7 42. Bd1 (42. e4 $142) 42... Bc6 43. Bc2 Bd7 44. Kb2 Be6 45. Bd3 Bd7 46. e4 f4 47. gxf4 Nxf4 {[%emt 0:00:10] [#]} 48. Bf1 Bc6 $2 {[%emt 0:02:07][%mdl 8192] [#]} (48... Bc8 $16 {is tougher.}) 49. Be5 $1 $18 Ne6 50. Bxc7 {[%emt 0:00:06] Weighted Error Value: White=0.07 (flawless) /Black=0.24 (precise)} 1-0

[Event "US Masters 2022"]
[Site "Charlotte"]
[Date "2022.11.25"]
[Round "4.9"]
[White "Korley, Kassa"]
[Black "Ramirez, Alejandro"]
[Result "0-1"]
[ECO "A05"]
[WhiteElo "2451"]
[BlackElo "2561"]
[Annotator "TA"]
[PlyCount "80"]
[EventDate "2022.11.23"]
[EventType "swiss"]
[EventCountry "USA"]
[SourceTitle "playchess.com"]
[Source "ChessBase"]
[SourceQuality "1"]
[TimeControl "5400+30"]

1. Nf3 Nf6 2. g3 b5 3. Bg2 Bb7 4. O-O e6 5. d3 Be7 6. e4 d6 7. Re1 {[%emt 0:02:06] A05: Réti Opening: 1 Nf3 Nf6.} O-O 8. a4 b4 9. Nbd2 {[%emt 0:05:45] The position is equal.} c5 10. e5 {[%emt 0:04:06] [#]} Nd5 $146 ({Predecessor:} 10... dxe5 11. Nxe5 Bxg2 12. Kxg2 Qd5+ 13. Qf3 Qxf3+ 14. Ndxf3 Nd5 15. Bd2 Na6 16. Nc4 Rfd8 {1-0 (78) Vitiugov,N (2722)-Brodsky,D (2455) Chess.com INT 2020}) 11. exd6 Bxd6 12. c4 Nf6 13. Nb3 Nbd7 14. d4 Qc7 (14... cxd4 {seems wilder.} 15. Nfxd4 Bxg2 16. Kxg2 Qc7) 15. Be3 Rad8 16. Qe2 cxd4 17. Nfxd4 Bxg2 18. Kxg2 a6 19. Rac1 Nc5 {[%emt 0:00:22] ...e5 is the strong threat.} 20. Nxc5 Bxc5 21. Nb3 Bxe3 22. Qxe3 Rd7 23. a5 Rfd8 24. Qf3 ({White should try} 24. Qb6 $11) 24... h5 $15 {[%emt 0:04:42] aiming for ...Ng4.} 25. c5 Rd3 {[%emt 0:01:33] Inhibits Red1.} 26. Re3 Rxe3 ({Better is} 26... R3d5 $1 $15 27. h3 h4) 27. Qxe3 $11 (27. fxe3 $2 Rd3 28. Nd4 (28. Qa8+ $2 Kh7 $19) 28... Rd2+ 29. Kh1 Rxb2 30. Qa8+ Kh7 31. Qxa6 Ng4 $19) 27... Qc6+ 28. f3 Nd5 $36 {[%emt 0:09:03][%mdl 2048] Black has some pressure.} 29. Qe2 Qa4 30. Nd4 Ne7 31. Nxe6 fxe6 $17 32. Qxe6+ Kf8 33. c6 Qxa5 {[%emt 0:01:01] And now ...Rd2+ would win.} (33... Rd2+ 34. Kh3 Rc2 35. Re1 Qxc6 36. Qxe7+ Kg8 37. Qd8+ (37. Qxb4 Qxf3 38. Qe4 Qxe4 $14) 37... Kh7 38. Qd3+ Kh8 39. Qf5 $18) 34. Rc4 $2 (34. c7 $17 {only move.} Rc8 35. Qd6) 34... Qd5 35. c7 {[%emt 0:00:08] [#]} (35. Rf4+ Ke8 36. Qxd5 Rxd5 $19) 35... Rc8 (35... Qxe6 $2 36. cxd8=Q+ (36. cxd8=R+ $2 Kf7 $19) 36... Kf7 37. Re4 $18 (37. Rxb4 $2 Qe2+ 38. Kg1 Qe1+ 39. Kg2 Qxb4 $19)) (35... Qd2+ 36. Kh3 Rc8 37. Rf4+ (37. Qxa6 $2 Qd7+ 38. Kg2 Rxc7 $19) 37... Ke8 38. Qf7+ (38. Qxa6 $2 Qd7+ 39. g4 Rxc7 $19) 38... Kd7 39. Qxg7 $18 (39. Re4 Qg5 $11)) 36. Qxa6 {[%emt 0:00:45] [#]} Kg8 $1 (36... Qd2+ 37. Kf1 Qd7 38. Rf4+ (38. Rxb4 $2 Qd1+ 39. Kg2 Qd2+ 40. Kh3 Qxb4 $19) 38... Ke8 39. Qc4) 37. b3 Rf8 (37... Qd2+ $19 {has better winning chances.} 38. Kf1 Qe3) 38. Rf4 $2 (38. Re4 $17) 38... Qd2+ $19 {[%emt 0:00:30] Black is clearly winning.} (38... Qxb3 39. Rxf8+ Kxf8 40. c8=Q+ Nxc8 41. Qxc8+ Kf7 42. Qf5+ Kg8 43. Qxh5 $11) 39. Kf1 Qc1+ ({Less strong is} 39... Qxh2 40. Qc4+ (40. Rxb4 Rxf3+ 41. Ke1 Re3+ 42. Kd1 Qg1+ 43. Kc2 Qf2+) 40... Kh7 41. Rxf8 $18) 40. Kg2 Rxf4 {[%emt 0:00:22] Weighted Error Value: White=0.37/Black=0.14 (very precise)} ({Not} 40... Qxc7 41. Qe6+ (41. Rxb4 $2 {loses.} Qc2+ 42. Kg1 Qc5+ 43. Kg2 Qxb4 $19) 41... Kh7 42. Rxf8 $18) 0-1

[Event "US Masters 2022"]
[Site "Charlotte"]
[Date "2022.11.25"]
[Round "4.10"]
[White "Chasin, Nico"]
[Black "Cruz, Cristhian"]
[Result "0-1"]
[ECO "C01"]
[WhiteElo "2429"]
[BlackElo "2552"]
[Annotator "TA"]
[PlyCount "88"]
[EventDate "2022.11.23"]
[EventType "swiss"]
[EventCountry "USA"]
[SourceTitle "playchess.com"]
[Source "ChessBase"]
[SourceQuality "1"]
[TimeControl "5400+30"]

1. d4 e6 2. e4 d5 3. exd5 exd5 4. Nf3 Nc6 5. Nc3 Bb4 6. a3 Bxc3+ 7. bxc3 Nge7 8. Bd3 Bf5 9. O-O O-O 10. Rb1 {[%emt 0:02:17] C01: French: Exchange Variation.} b6 11. Bf4 Qd7 {[%emt 0:05:05] [#]} (11... Bxd3 {simplifies} 12. cxd3 Qd7 13. Re1 Rae8) 12. Bb5 $146 {[%emt 0:08:53] The position is equal.} ({Predecessor:} 12. Re1 Bxd3 13. Qxd3 Ng6 14. Bg3 Na5 15. Nd2 Rad8 16. h4 Ne7 17. Re2 Nf5 18. Rbe1 {½-½ (56) Zuyev,I (2348)-Schramm,C (2340) Frankfurt 2011}) 12... Ng6 13. Ne5 Ngxe5 14. Bxe5 a6 15. Bxc6 Qxc6 16. Qd2 Rfe8 17. Rfe1 h6 18. h3 a5 19. Bg3 Qa4 {[%emt 0:07:24] Black is more active.} ({Black should try} 19... Bg6 $15) 20. Bxc7 $11 Qxa3 21. Bxb6 Rxe1+ (21... a4 {seems wilder.} 22. Bc5 Qa2 23. Rb7 Bg6) 22. Qxe1 a4 {[%emt 0:00:33][%cal Oa3a2] White must now prevent ...Qa2!} 23. Bc5 Qa2 24. Qc1 (24. Rb7 {is interesting.} Qxc2 25. Qe5 Be6 26. Rb8+) 24... Qxc2 (24... Bxc2 $2 25. Rb2 $18) 25. Qxc2 Bxc2 $15 {[%emt 0:00:20][%mdl 4096] Endgame KRB-KRB} 26. Ra1 Re8 27. Kf1 Bb3 28. Bb4 g5 29. f3 f5 30. Kf2 Kf7 31. g3 Kf6 32. Re1 Rxe1 33. Kxe1 $17 {[%emt 0:00:02] KB-KB} h5 34. f4 gxf4 35. gxf4 h4 36. Kd2 (36. c4 $17) 36... Bc4 $19 37. Ke1 Ke6 38. Kf2 Bd3 {[%emt 0:00:27] [#] Strongly threatening ...Be4.} 39. Ba3 Kd7 {[%emt 0:00:29] Threatens to win with ...Kc6.} 40. Bb4 Be4 {[%emt 0:00:24] Prevents c4. And now ...Kc6 would win.} 41. Ba3 $2 (41. Ke3) 41... Kc6 {[%emt 0:00:21] ( -> ...Kb5)} 42. Ke3 {[%emt 0:00:00] [#]} Kb5 $1 {[%emt 0:00:11] Black mates.} 43. Kd2 Kc4 44. Be7 Kb3 {[%emt 0:00:13] Weighted Error Value: White=0.44/Black=0.04 (flawless)} 0-1

[Event "US Masters 2022"]
[Site "Charlotte"]
[Date "2022.11.25"]
[Round "4.11"]
[White "Schitco, Ivan"]
[Black "Bodek, Michael"]
[Result "1/2-1/2"]
[ECO "A19"]
[WhiteElo "2532"]
[BlackElo "2427"]
[Annotator "TA"]
[PlyCount "101"]
[EventDate "2022.11.23"]
[EventType "swiss"]
[EventCountry "USA"]
[SourceTitle "playchess.com"]
[Source "ChessBase"]
[SourceQuality "1"]
[TimeControl "5400+30"]

1. c4 e6 2. Nc3 Nf6 3. e4 c5 4. e5 Ng8 5. Nf3 Nc6 6. d4 cxd4 7. Nxd4 Nxe5 8. Ndb5 a6 9. Nd6+ Bxd6 10. Qxd6 f6 11. Be3 Ne7 {[%emt 0:00:17] A19: English Opening: Flohr-Mikenas System with 3...c5.} 12. Bb6 Nf5 13. Qb4 $1 {[%emt 0:00:04][%mdl 4] is more profitable than 13.Qc5 at the moment.} (13. Bxd8 {simplifies} Nxd6 14. Bc7 Ke7 15. c5) 13... Nc6 14. Qc5 d6 15. Bxd8 dxc5 16. Bb6 Ne5 17. Bxc5 g5 18. Be2 (18. Ne4 $5 ) 18... h5 19. O-O Bd7 20. b4 {[%emt 0:00:07] [#]} Kf7 $146 ({Predecessor:} 20... g4 21. Rfd1 Rc8 22. a4 a5 23. Nb5 axb4 24. Bxb4 Nxc4 25. Na7 Ra8 26. Bxc4 Rxa7 27. a5 Ra8 28. Rac1 Rc8 29. Ba3 Ne7 30. Rd6 Rc6 31. Rd2 {½-½ (31) Pepermans,T (2394)-Monacell,J (2407) LSS email 2013}) 21. a4 Rac8 22. Ne4 Ng6 (22... Bc6 $11 {keeps the balance.} 23. Nd6+ Nxd6 24. Bxd6 Be4) 23. Rfe1 (23. Rfd1 $16 Bc6 24. Nd6+ Nxd6 25. Bxd6 (25. Rxd6 Nf4 $14)) 23... Bc6 $11 24. Nd6+ Nxd6 25. Bxd6 Nh4 26. Bf1 {[%emt 0:03:37] A strong pair of Bishops.} Nf5 {[%emt 0:02:05] Prevents b5.} 27. Bc5 a5 28. bxa5 Bxa4 {[%emt 0:04:04][%mdl 64] [#]} 29. Bb6 Bc6 30. Rad1 Rhe8 31. Rd2 g4 32. Rd3 Re7 33. h3 Rd7 34. Rxd7+ Bxd7 35. Be2 Rg8 36. hxg4 hxg4 37. f3 g3 38. Bd3 Ne7 39. Bc7 Bc6 40. Rb1 e5 41. Be4 Bxe4 42. fxe4 {[%emt 0:00:02][%mdl 4096] Endgame KRB-KRN} Rg4 43. Rxb7 Rxe4 {[%emt 0:00:00][%cal Re4e1] [#]} 44. Kf1 {[%emt 0:01:17] Inhibits Re1+.} Nc6 (44... Rxc4 $2 45. Bd8 Rf4+ 46. Ke2 (46. Kg1 Rd4 $17) 46... Rf2+ 47. Kd3 Rxg2 48. Rxe7+ Kf8 49. Re6 $18) 45. a6 {[%emt 0:03:25] With the idea a7.} Rf4+ 46. Ke1 (46. Ke2 {is interesting.} Ke6 47. a7 Rf2+ 48. Kd3) 46... Rxc4 (46... Ke6 $5 ) 47. a7 Nxa7 $1 48. Rxa7 Kg6 49. Bd8 f5 50. Ra6+ Kh5 51. Ra5 {[%emt 0:02:03] Weighted Error Value: White=0.05 (flawless) /Black=0.07 (flawless)} 1/2-1/2

[Event "US Masters 2022"]
[Site "Charlotte"]
[Date "2022.11.25"]
[Round "4.12"]
[White "Hilby, Craig"]
[Black "Stremavicius, Titas"]
[Result "1/2-1/2"]
[ECO "A46"]
[WhiteElo "2411"]
[BlackElo "2527"]
[Annotator "TA"]
[PlyCount "51"]
[EventDate "2022.11.23"]
[EventType "swiss"]
[EventCountry "USA"]
[SourceTitle "playchess.com"]
[Source "ChessBase"]
[SourceQuality "1"]
[TimeControl "5400+30"]

1. d4 d5 2. Nf3 Nf6 3. g3 e6 4. Bg2 b5 5. O-O Be7 6. a4 {[%emt 0:00:16] A46: 1 d4 Nf6 2 Nf3 e6: Torre, London and Colle Systems.} b4 7. c4 bxc3 8. bxc3 {[%emt 0:00:59][%cal Oc3c4] The position is equal.} Ba6 9. Ne5 Nfd7 10. Nd3 $1 O-O 11. e4 {[%emt 0:01:30] [#]} Nb6 $146 ({Predecessor:} 11... c6 12. a5 dxe4 13. Bxe4 Bc4 14. Nd2 Bd5 15. Nf4 Bxe4 16. Nxe4 Nf6 17. Qf3 Nxe4 18. Qxe4 {1-0 (35) Markos,J (2599)-Duda,J (2587) Ruzomberok 2014}) 12. Re1 Bb7 13. a5 Nc4 14. Qb3 $36 {[%emt 0:00:42][%mdl 2048] White has good play.} Ba6 15. Nb4 Bxb4 16. cxb4 Nc6 17. exd5 $1 exd5 {[%emt 0:00:57] [#]} 18. Nc3 $1 Rb8 $2 (18... Nxd4 19. Qd1 Re8 20. Rxe8+ Qxe8 21. Bg5 $16 (21. Qxd4 Qe1+ 22. Bf1 Ne5 $11)) (18... Re8 $1 $14 19. Rxe8+ Qxe8) 19. Nxd5 $18 ({Worse is} 19. Bxd5 Nxb4 20. Bxc4 Nd3 $11) 19... Nxd4 {[%emt 0:01:42] [#]} 20. Qd3 (20. Qc3 $1 $18 {[%cal Rc3d4] is the precise move to win.} Nf5 21. Bf4) 20... Ne6 $16 21. Rd1 {[%emt 0:11:56] White has more active pieces.} (21. f4 $16 {Threatens to win with f5.} Nb6 22. Qxa6 Nxd5 23. Qxa7 (23. Rxe6 Nxb4 24. Qc4 Qd1+ 25. Bf1 fxe6 $15) 23... Nxb4 24. Be3) 21... c6 $11 22. Nf4 Qf6 (22... Qxd3 $11 23. Rxd3 Rxb4) 23. Nxe6 $1 $14 {[%emt 0:04:13] White is slightly better.} fxe6 24. Be3 {[%emt 0:02:28] Chess con chili.} Nxe3 25. Qxe3 Rxb4 26. Rab1 {[%emt 0:02:32] Weighted Error Value: White=0.20 (precise) /Black=0.24 (precise)} ({Better is} 26. Qxa7 $14 Rb2 27. f4) 1/2-1/2

[Event "US Masters 2022"]
[Site "Charlotte"]
[Date "2022.11.25"]
[Round "4.13"]
[White "Macieja, Bartlomiej"]
[Black "Petenyi, Tamas"]
[Result "1-0"]
[ECO "D02"]
[WhiteElo "2514"]
[BlackElo "2410"]
[Annotator "TA"]
[PlyCount "55"]
[EventDate "2022.11.23"]
[EventType "swiss"]
[EventCountry "USA"]
[SourceTitle "playchess.com"]
[Source "ChessBase"]
[SourceQuality "1"]
[TimeControl "5400+30"]

1. Nf3 Nc6 2. d4 d5 3. Bf4 Bg4 4. e3 e6 5. c4 Bd6 6. Bg3 Nf6 7. Nc3 Ne4 {[%emt 0:02:30] D02: 1 d4 d5 2 Nf3 sidelines, including 2...Nf6 3 g3 and 2...Nf6 3 Bf4.} 8. cxd5 exd5 9. Qb3 {[%emt 0:00:04] [#]} O-O $146 {[%emt 0:09:04] White is slightly better.} ({Predecessor:} 9... Bxg3 10. hxg3 Nxc3 11. bxc3 Na5 12. Qb5+ c6 13. Qb4 b6 14. Bd3 Bxf3 15. gxf3 Qf6 {0-1 (50) Pjatelin,D (2089)-Starkov,S (2221) Kemerovo 2010}) 10. Bxd6 Nxd6 11. Qxd5 Nb4 12. Qb3 a5 13. a3 Bxf3 14. gxf3 ({But not} 14. axb4 $6 axb4 15. Rxa8 Qxa8 16. gxf3 (16. Qxb4 Qa1+ 17. Kd2 Ne4+ 18. Kc2 Nxf2 $11) 16... bxc3 17. Qxc3 Qa1+ 18. Kd2 Ra8 $11) 14... Nc6 15. Rg1 {[%emt 0:00:57][%cal Bh1g1,Bg1g2,Bg2g4][%mdl 32] White is more active.} Qh4 16. Rg2 Nxd4 (16... Ne7 $16 {might work better.} 17. O-O-O g6) 17. exd4 $18 Rfe8+ 18. Ne2 Qxd4 19. Rg4 {[%emt 0:01:29] Prevents g6.} Qf6 20. O-O-O Qh6+ 21. Kb1 Qxh2 (21... Rad8 $142 22. Ng3 Qf6) 22. Qc3 {[%emt 0:00:40][%csl Gg4,LRc7,LRg7][%cal Rc3g7] [#]} Qe5 23. Qxc7 Qf5+ 24. Ka1 {[%emt 0:03:47] White is clearly winning.} Nb5 25. Qf4 Qxf4 26. Nxf4 Nd4 27. Nh5 Nxf3 28. Nf6+ {[%emt 0:02:22] White took control after the opening.   Weighted Error Value: White=0.10 (very precise) /Black=0.44} 1-0